 Dungeon Crawl Stone Soup version 0.28-a0-1227-ga9037bb4c8 (webtiles) character file.

Game seed: 6853934820259225573

81 mcbry74 the Bolt Thrower (level 4, -1/25 HPs)
             Began as a Kobold Arcane Marksman on Dec 22, 2021.
             Slain by a gnoll (5 damage)
             ... on level 3 of the Dungeon.
             The game lasted 00:08:49 (2283 turns).

mcbry74 the Bolt Thrower (Kobold Arcane Marksman)   Turns: 2283, Time: 00:08:49

Health: -1/25      AC:  2    Str:  7    XL:     4   Next: 68%
Magic:  5/5        EV: 15    Int: 14    God:
Gold:   79         SH:  0    Dex: 17    Spells: 4/5 levels left

rFire   . . .      SeeInvis .   b - +0 dagger
rCold   + . .      Faith    .   (shield restricted)
rNeg    . . .      Spirit   .   d - +0 robe
rPois   .          Reflect  .   (no helmet)
rElec   .          Harm     .   (no cloak)
rCorr   .          Rampage  .   (no gloves)
Will    .....                   (no boots)
Stlth   +++.......              (no amulet)
HPRegen 0.08/turn               l - ring of protection from cold
MPRegen 0.09/turn               (no ring)

@: no status effects
A: small, no large weapons, nightstalker 3
a: no special abilities


You were on level 3 of the Dungeon.
You visited 1 branch of the dungeon, and saw 3 of its levels.

You collected 79 gold pieces.

Inventory:

Hand Weapons
 a - a +0 hand crossbow
 b - a +0 dagger (weapon)
 f - a +0 club
 m - a +2 whip of electrocution
Missiles
 c - 8 bolts
Armour
 d - a +0 robe (worn)
Jewellery
 l - a ring of protection from cold (left hand)
Scrolls
 e - a scroll of magic mapping {unknown}
 i - 4 scrolls of identify {unknown}
 j - a scroll of fog {unknown}
 k - a scroll of torment {unknown}
Potions
 g - a potion of haste {unknown}
 h - a potion of might {unknown}
 n - a potion of flight {unknown}


   Skills:
 - Level 1.1 Fighting
 + Level 0.8 Short Blades
 * Level 4.1 Crossbows
 - Level 2.4 Dodging
 + Level 0.8 Stealth
 - Level 1.1 Spellcasting
 + Level 4.0 Hexes


You had 4 spell levels left.
You knew the following spells:

 Your Spells              Type           Power      Damage    Failure   Level
a - Slow                  Hex            48%        N/A       4%          1

Your spell library contained the following spells:

 Spells                   Type           Power      Damage    Failure   Level
 Magic Dart               Conj           0%         1d3       26%         1
 Inner Flame              Hex/Fire       6%         N/A       34%         3
 Portal Projectile        Hex/Tloc       12%        N/A       34%         3
 Call Imp                 Summ           0%         N/A       36%         2
 Static Discharge         Conj/Air       0%         N/A       36%         2
 Cause Fear               Hex            6%         N/A       43%         4
 Mephitic Cloud           Conj/Pois/Air  0%         N/A       61%         3
 Dispel Undead            Necr           0%         3d6       95%         4
 Sticky Flame             Conj/Fire      0%         2d3       95%         4


Dungeon Overview and Level Annotations

Branches:
Dungeon (3/15)

Altars:


Innate Abilities, Weirdness & Mutations

You are small and have problems with some larger weapons.
You are completely attuned to the shadows.


Message History

The gnoll is severely wounded.
The gnoll closely misses you.
You hit the gnoll.
The gnoll is severely wounded.
The gnoll misses you.
You hit the gnoll but do no damage.
The gnoll is severely wounded.
The gnoll misses you.
You barely miss the gnoll.
The gnoll is severely wounded.
The gnoll hits you with a +0 whip.
You barely miss the gnoll.
The gnoll is severely wounded.
The gnoll barely misses you.
You barely miss the gnoll.
The gnoll is severely wounded.
The gnoll hits you with a +0 whip.
You hit the gnoll but do no damage.
The gnoll is severely wounded.
The gnoll hits you with a +0 whip.
You barely miss the gnoll.
The gnoll is severely wounded.
The gnoll closely misses you.
You barely miss the gnoll.
The gnoll is severely wounded.
The gnoll hits you but does no damage.
You hit the gnoll but do no damage.
The gnoll is severely wounded.
The gnoll hits you with a +0 whip.
You hit the gnoll but do no damage.
The gnoll is severely wounded.
The gnoll barely misses you.
You hit the gnoll but do no damage.
The gnoll is severely wounded.
The gnoll hits you with a +0 whip!
* * * LOW HITPOINT WARNING * * *
You closely miss the gnoll.
The gnoll is severely wounded.
The gnoll hits you with a +0 whip.
You die...

#.# #.# #.#
#.# #.# #.#
#.# #.# #.#
#@# #g# #(#
#(# #(#
#.#.....
#.#..(..
#.#.....
#####.#....(


You could see a gnoll.

Vanquished Creatures
  An adder (D:3)
  A gnoll (D:3)
  4 dart slugs
  4 ball pythons
  4 bats
  8 endoplasms
  4 giant cockroaches
  3 goblins
  2 hobgoblins (D:1)
  4 jackals (D:1)
  A kobold (D:2)
  3 quokkas (D:1)
  5 frilled lizards
  4 rats
48 creatures vanquished.

Notes
Turn   | Place    | Note
-------+----------+-------------------------------------------
     0 | D:1      | mcbry74 the Kobold Arcane Marksman began the quest for the
                  | Orb.
     0 | D:1      | Reached XP level 1. HP: 12/12 MP: 2/2
   223 | D:1      | Found a faded altar of an unknown god.
   473 | D:1      | Reached XP level 2. HP: 16/16 MP: 3/3
   601 | D:1      | Reached XP level 3. HP: 20/20 MP: 4/4
  1392 | D:2      | Reached XP level 4. HP: 25/25 MP: 5/5
  2283 | D:3      | Slain by a gnoll

Illustrated notes

Levels and vault maps discovered:
D:1:      minmay_arrival_widening_spiral_narrow, layout_rooms,
          ebering_ecumenical_altar_rust
D:2:      kb_forest_paths, layout_loops_ring, chequers_jeans
D:3:      layout_basic, serial_undead, serial_undead_e, serial_undead_e,
          serial_undead_a, serial_undead_f, nicolae_underground_beach

Skill      XL: |  1  2  3  4 |
---------------+-------------+-----
Crossbows      | 3 4 |  4.1
Hexes          | 4 |  4.0
Fighting       | |  1.1
Short Blades   | |  0.8
Dodging        | |  2.4
Stealth        | |  0.8
Spellcasting   | |  1.1

Action                   |  1- 3 |  4- 6 || total
-------------------------+-------+-------++-------
Melee: Club              |    47 |     8 ||    55
       Dagger            |       |    23 ||    23
 Fire: Hand crossbow     |    47 |    28 ||    75
Armor: Robe              |    10 |     5 ||    15
Dodge: Dodged            |    70 |    31 ||   101

Table legend: (Time is in decaauts)
 A = Elapsed time spent in this place.
 B = Non-inter-level travel time spent in this place.
 C = Inter-level travel time spent in this place.
 D = Time resting spent in this place.
 E = Time spent auto-exploring this place.
 F = Levels seen in this place.
 G = Mean time per level.
                   A        B        C        D        E       F      G
               +--------+--------+--------+--------+--------+-----+--------+
         Total |   2310 |   2284 |     26 |    350 |   1290 |   3 |  770.0 |
       Dungeon |   2310 |   2284 |     26 |    350 |   1290 |   3 |  770.0 |
               +--------+--------+--------+--------+--------+-----+--------+

Top non-repeatable levels by time:
     D:1: 1280 daAuts
     D:2: 814 daAuts
     D:3: 215 daAuts
